 Dungeon Crawl Stone Soup version 0.32-a0-975-g85d4e5bfdb (webtiles) character file.

Game seed: 5971973355396564546

52128 Autsider the Blocker (level 14, -9/70 HPs)
             Began as a Vine Stalker Enchanter on Apr 19, 2024.
             Was an Initiate of Gozag.
             Mangled by a death yak simulacrum (23 damage)
             ... on level 12 of the Dungeon.
             The game lasted 01:21:13 (21180 turns).

Autsider the Blocker (Vine Stalker Enchanter)      Turns: 21180, Time: 01:21:13

Health: -9/70      AC: 11    Str: 19    XL:     14   Next: 62%
Magic:  0/29       EV: 12    Int: 15    God:    Gozag
Gold:   3379       SH: 13    Dex: 15    Spells: 22/33 levels left

rFire   + . .        f - +3 dagger (drain)
rCold   . . .        W - +2 kite shield
rNeg    . . .        O - +2 leather armour {rF+}
rPois   +            (no helmet)
rElec   .            C - +0 cloak {Stlth+}
rCorr   .            (no gloves)
SInv    .            (no boots)
Will    +....        (no amulet)
Stlth   +++++        F - ring of flight
HPRegen 1.11/turn    L - ring "Egra" {rPois AC+4 Str+3}
MPRegen 0.21/turn

%: guardian spirit
@: confusing by touch, gold aura, flying
A: fangs 3, regeneration 1, magic shield, antimagic bite, no potion heal 2
a: Renounce Religion, Potion Petition, Call Merchant, Bribe Branch


You were on level 12 of the Dungeon.
You worshipped Gozag.
Gozag was most pleased with you.
You visited 3 branches of the dungeon, and saw 18 of its levels.
You also visited: Volcano.

You collected 4108 gold pieces.
You paid 729 gold pieces to Gozag.

Inventory:

Hand Weapons
 f - a +3 dagger of draining (weapon)
 J - a +2 dagger of venom
 V - the +6 whip "Arbiter" {flame, rN+ Will+ Dex+2}
   (You found it on level 5 of the Lair of Beasts)

   Dex+2:     It affects your dexterity (+2).
   rN+:       It protects you from negative energy.
   Will+:     It increases your willpower.
Missiles
 d - a curare-tipped dart
 j - 5 darts of dispersal
 H - 19 poisoned darts (quivered)
Armour
 b - a +0 leather armour of willpower
 C - a +0 cloak of stealth (worn)
 O - a +2 leather armour of fire resistance (worn)
 R - a scarf of resistance
 W - a +2 kite shield (worn)
Jewellery
 i - a +6 ring of dexterity
 o - a ring of positive energy
 q - a ring of resist corrosion
 u - a ring of poison resistance
 F - a ring of flight (left hand)
 G - a ring of willpower
 L - the ring "Egra" (right hand) {rPois AC+4 Str+3}
   (You found it on level 1 of the Lair of Beasts)

   [ring of protection]

   AC+4:      It affects your AC (+4).
   Str+3:     It affects your strength (+3).
   rPois:     It protects you from poison.
Wands
 k - a wand of polymorph (12)
 y - a wand of flame (33)
 E - a wand of iceblast (9)
 M - a wand of charming (6)
 U - a wand of mindburst (8)
Scrolls
 a - a scroll of revelation
 e - 5 scrolls of immolation
 h - 2 scrolls of butterflies
 m - a scroll of torment {unknown}
 n - a scroll of enchant armour
 p - a scroll of vulnerability
 r - 4 scrolls of poison
 w - 2 scrolls of blinking
 K - 4 scrolls of fog
 P - 4 scrolls of teleportation {@r2}
 Q - a scroll of fear
 T - a scroll of identify {@r1}
Potions
 c - 2 potions of invisibility
 l - 4 potions of magic
 s - 4 potions of haste
 t - 5 potions of degeneration {unknown}
 v - a potion of mutation {unknown}
 x - a potion of attraction {unknown}
 z - 5 potions of brilliance {unknown}
 A - a potion of curing {unknown}
 B - a potion of lignification {unknown}
 D - a potion of cancellation {unknown}
 I - a potion of ambrosia {unknown}
 N - 2 potions of might {unknown}
 S - a potion of enlightenment {unknown}


   Skills:
 + Level 6.5 Fighting
 - Level 10.0 Short Blades
 + Level 6.2 Armour
 + Level 5.5 Dodging
 - Level 10.0 Stealth
 + Level 10.7 Shields
 - Level 10.0 Spellcasting
 + Level 2.9 Conjurations
 + Level 10.2 Hexes
 - Level 3.0 Ice Magic


You had 22 spell levels left.
You knew the following spells:

 Your Spells              Type           Power      Damage    Failure   Level
a - Ensorcelled Hibernat  Hex/Ice        54%        N/A       2%          2
b - Tukima's Dance        Hex            38%        N/A       1%          3
c - Dazzling Flash        Conj/Hex       54%        N/A       4%          3
A - Confusing Touch       Hex            38%        N/A       1%          3

Your spell library contained the following spells:

 Spells                   Type           Power      Damage    Failure   Level
 Jinxbite                 Hex            76%        N/A       1%          2
 Inner Flame              Hex/Fire       22%        N/A       8%          3
 Hailstorm                Conj/Ice       16%        3d6       19%         3
 Apportation              Tloc           14%        N/A       22%         1
 Cigotuvi's Dreadful Rot  Necr/Alch/Air  14%        N/A       32%         2
 Stone Arrow              Conj/Erth      22%        3d8       34%         3
 Summon Ice Beast         Ice/Summ       12%        N/A       34%         3
 Mephitic Cloud           Conj/Alch/Air  10%        N/A       41%         3
 Volatile Blastmotes      Fire/Tloc      14%        2d11      54%         3
 Silence                  Hex/Air        11%        N/A       58%         5
 Fulminant Prism          Conj/Alch      5%         3d7       75%         4
 Iskenderun's Mystic Bla Conj/Tloc 11%            2d4        (+2d2     75%         4
 Iskenderun's Battlesphe  Conj           16%        2d7       87%         5
 Animate Armour           Summ/Erth      14%        N/A       91%         4
 Ignite Poison            Fire/Alch      7%         N/A       91%         4
 Freezing Cloud           Conj/Ice/Air   6%         6-21      95%         5
 Irradiate                Conj/Alch      5%         3d13      97%         5
 Alistair's Intoxication  Alch           4%         N/A       99%         5
 Bombard                  Conj/Erth      5%         9d2       100%        6
 Permafrost Eruption      Ice/Erth       6%         2x4d2     100%        6
 Sculpt Simulacrum        Ice/Alch       6%         N/A       100%        6
 Seismic Cannonade        Alch/Erth      3%         6d4       100%        7
 Spellforged Servitor     Conj/Summ      5%         N/A       100%        7
 Ignition                 Fire           3%         3d4       100%        8
 Lehudib's Crystal Spear  Conj/Erth      5%         10d3      100%        8


Dungeon Overview and Level Annotations

Branches:
Dungeon (12/15)            Temple (1/1) D:7            Lair (5/5) D:9
  Swamp (0/4) Lair:3       Spider (0/4) Lair:2        Slime (0/5) Lair:5
Volcano (visited)
    Orc: D:9-12

Altars:
Ashenzari
Cheibriados
Dithmenos
Elyvilon
Fedhas
Gozag
Hepliaklqana
Kikubaaqudgha
Makhleb
Nemelex Xobeh
Okawaru
Qazlal
Ru
Sif Muna
Trog
Uskayaw
Vehumet
Wu Jian
Xom
Yredelemnul
Zin
The Shining One

Shops:
D:6 (   D:8 *

Portals:
Ice
Cave: D:12


Innate Abilities, Weirdness & Mutations

You have razor-sharp teeth.
Your natural rate of healing is unusually fast.
When hurt, damage is shared between your health and your magic reserves.
Your bite disrupts and absorbs the magic of your enemies.
Potions cannot restore your health.


Message History

The cyclops throws a large rock.
You block the large rock.
Casting: Confusing Touch (safe; 1% risk of failure)
Confirm with . or Enter, or press ? or * to list all spells.
Your hands begin to glow red.
You are too injured to fight recklessly!
You are too injured to fight recklessly!
You hit the death yak simulacrum but do no damage.
You bite the death yak simulacrum. You drain its power.
You feel invigorated.
The death yak simulacrum is lightly damaged.
The death yak simulacrum gores you!!
* * * LOW HITPOINT WARNING * * *
The death yak simulacrum freezes you!!
* * * LOW HITPOINT WARNING * * *
You hit the death yak simulacrum but do no damage.
The death yak simulacrum appears confused.
You bite the death yak simulacrum. You drain its power.
You feel invigorated.
The death yak simulacrum is lightly damaged.
You hit the death yak simulacrum. You bite the death yak simulacrum.
You drain its power.
You feel invigorated.
The death yak simulacrum is moderately damaged.
You hear the crackling of a melting archway very nearby.
The death yak simulacrum gores you but does no damage.
You hit the death yak simulacrum but do no damage.
The death yak simulacrum is moderately damaged.
You hit the death yak simulacrum but do no damage.
The death yak simulacrum is moderately damaged.
Casting: Confusing Touch (safe; 1% risk of failure)
Confirm with . or Enter, or press ? or * to list all spells.
Your hands begin to glow red.
You block the death yak simulacrum's attack.
The cyclops hits you!
* * * LOW HITPOINT WARNING * * *
You see here 22 gold pieces.
You hit the cyclops but do no damage.
The cyclops is lightly wounded.
The death yak simulacrum gores you.
* * * LOW HITPOINT WARNING * * *
The death yak simulacrum freezes you!!
You die...
Your body crumbles into a pile of gold.

####### #.....#
#### #.....# .....
#.....# .....
#.....#
..∩...+.....#
....Z.#.....#
9....$..>..Z######
#..#..#....C@....#
##.#..#######.# #
#..# #.#### #...
####....#
##..###.....#.#
#..##<.....# #
##..###)....#
....# #)....#
#.####.....#


You could see a cyclops (drained) and a death yak simulacrum (confused).

Vanquished Creatures
  A hydra (Lair:5)
  Erica (D:8)
  3 boulder beetles
  3 skysharks
  2 fire crabs (Volcano)
  An oklob plant (Lair:5)
  An ugly thing (D:11)
  2 salamanders (Volcano)
  Maurice (D:7)
  2 manticores
  A cyclops (D:11)
  15 elephants
  6 black mambas
  An eye of devastation (Lair:5)
  Joseph (D:7)
  21 cane toads
  A gargoyle (D:12)
  Jeremiah (D:7)
  6 rime drakes
  9 komodo dragons
  An efreet (D:12)
  A tyrant leech (Lair:5)
  Prince Ribbit (D:8)
  4 trolls
  35 blink frogs
  A hornet (D:8)
  A glass eye (Lair:5)
  A vampire (D:10)
  2 wraiths (D:10)
  38 yaks
  A fire bat (Volcano)
  6 wyverns
  2 basilisks
  5 steam dragons
  12 vampire mosquitoes
  15 water moccasins
  A hell hound (Volcano)
  An orc warrior (D:10)
  A sky beast (D:7)
  5 black bears
  A swamp drake (Lair:5)
  A phantom (D:5)
  2 centaurs
  3 kobold brigands
  2 two-headed ogre simulacra (D:12)
  14 bullfrogs
  3 gnoll sergeants
  3 killer bees (D:9)
  2 electric eels (Lair:5)
  4 howler monkeys
  2 jellies (D:7)
  A bombardier beetle (D:5)
  2 gnoll boudas
  4 hounds
  5 orc priests
  4 iguanas
  6 orc wizards
  3 troll simulacra (D:12)
  A spriggan simulacrum (D:12)
  8 adders
  28 gnolls
  A naga simulacrum (D:12)
  2 white imps
  3 dart slugs
  2 ribbon worms (D:3)
  26 orcs
  6 ball pythons
  9 endoplasms
  3 giant cockroaches
  8 goblins
  4 hobgoblins
  3 quokkas (D:4)
  6 bats
  4 frilled lizards
  18 kobolds
  8 rats
415 creatures vanquished.

Vanquished Creatures (collateral kills)
  2 two-headed ogres
  2 salamanders (Volcano)
  Maggie (D:9)
  An orc warrior (D:8)
  A centaur (Volcano)
  A gnoll bouda (D:7)
  4 gnolls
  6 orcs
18 creatures vanquished.

Vanquished Creatures (others)
  15 dancing weapons
15 creatures vanquished.

Grand Total: 448 creatures vanquished

Notes
Turn   | Place    | Note
-------+----------+-------------------------------------------
     0 | D:1      | Autsider the Vine Stalker Enchanter began the quest for the
                  | Orb.
     0 | D:1      | Reached XP level 1. HP: 9/9 MP: 4/4
    76 | D:1      | Reached skill level 1 in Short Blades
    99 | D:1      | Reached XP level 2. HP: 13/13 MP: 6/6
   435 | D:1      | Reached XP level 3. HP: 17/17 MP: 7/7
   833 | D:2      | Learned a level 2 spell: Ensorcelled Hibernation
   837 | D:2      | Learned a level 3 spell: Tukima's Dance
  1086 | D:2      | Reached XP level 4. HP: 21/21 MP: 8/8
  1809 | D:3      | Reached skill level 1 in Ice Magic
  1844 | D:3      | Reached skill level 1 in Fighting
  2013 | D:3      | Reached XP level 5. HP: 25/25 MP: 7/10
  2648 | D:4      | Reached skill level 5 in Stealth
  3027 | D:5      | Entered Level 5 of the Dungeon
  3052 | D:5      | Noticed a black bear
  3058 | D:5      | Killed a black bear
  3059 | D:5      | Reached skill level 1 in Shields
  3059 | D:5      | Reached XP level 6. HP: 27/30 MP: 5/11
  3369 | D:5      | Noticed a black bear
  3385 | D:5      | Killed a black bear
  3386 | D:5      | Reached XP level 7. HP: 11/34 MP: 0/12
  4648 | D:6      | Gained mutation: You have razor-sharp teeth. [Vine Stalker
                  | growth]
  4648 | D:6      | Reached XP level 8. HP: 39/39 MP: 11/14
  4660 | D:6      | Learned a level 3 spell: Confusing Touch
  4686 | D:6      | Found a sacrificial altar of Ru.
  4831 | D:6      | Found Wesoapra's Antique Weapon Emporium.
  5181 | D:7      | Noticed Jeremiah
  5184 | D:7      | Killed Jeremiah
  5342 | D:7      | Noticed Joseph
  5365 | D:7      | Killed Joseph
  5366 | D:7      | Reached skill level 5 in Hexes
  5366 | D:7      | Reached XP level 9. HP: 10/44 MP: 13/16
  5473 | D:7      | Found a staircase to the Ecumenical Temple.
  5487 | Temple   | Entered the Ecumenical Temple
  5529 | Temple   | Became a worshipper of Gozag Ym Sagoz the Greedy
  6325 | D:7      | Noticed Maurice
  6346 | D:7      | Killed Maurice
  6767 | D:8      | Found a shadowy altar of Dithmenos.
  6797 | D:8      | Found Duxuvoit's Overcharged Wands.
  6842 | D:8      | Noticed a hornet
  6850 | D:8      | Killed a hornet
  6927 | D:8      | Identified the +1 sling of Guile {antimagic, Fly rC+ Will+
                  | Int-4}
  6967 | D:8      | Noticed Prince Ribbit
  6980 | D:8      | Killed Prince Ribbit
  6981 | D:8      | Reached skill level 5 in Short Blades
  6981 | D:8      | Reached XP level 10. HP: 46/51 MP: 14/17
  7054 | D:8      | Learned a level 3 spell: Dazzling Flash
  7841 | D:8      | Noticed Erica
  7879 | D:8      | Killed Erica
  8252 | D:9      | Found a staircase to the Lair.
  8268 | D:9      | Reached skill level 5 in Fighting
  8268 | D:9      | Reached skill level 5 in Shields
  8482 | D:9      | Reached skill level 10 in Stealth
  9185 | D:9      | Reached XP level 11. HP: 55/55 MP: 12/18
  9591 | D:9      | Noticed Maggie
  9651 | D:9      | Killed Maggie
 10343 | Lair:1   | Entered Level 1 of the Lair of Beasts
 10613 | Lair:1   | Noticed a boulder beetle
 10741 | Lair:1   | Killed a boulder beetle
 10840 | Lair:1   | Identified the ring "Egra" {rPois AC+4 Str+3}
 10887 | Lair:1   | Reached skill level 10 in Short Blades
 10950 | Lair:1   | Reached XP level 12. HP: 60/60 MP: 12/19
 11011 | Lair:1   | HP: 3/60 [cane toad (16)]
 11631 | Lair:2   | Found a hole to the Spider Nest.
 11635 | Lair:2   | Noticed a skyshark
 11643 | Lair:2   | Killed a skyshark
 11760 | Lair:2   | Reached skill level 10 in Shields
 11998 | Lair:2   | Noticed a boulder beetle
 12005 | Lair:2   | Killed a boulder beetle
 12086 | Lair:2   | Reached skill level 1 in Conjurations
 12162 | Lair:2   | Reached skill level 1 in Armour
 12711 | Lair:3   | Found a staircase to the Swamp.
 13100 | Lair:3   | Noticed a five-headed hydra
 13608 | Lair:4   | Reached skill level 5 in Spellcasting
 13818 | Lair:4   | Found a dark tunnel.
 13829 | Volcano  | Entered a volcano
 14108 | Volcano  | Noticed a two-headed ogre
 14358 | Volcano  | Killed a two-headed ogre
 14530 | Volcano  | Reached XP level 13. HP: 63/63 MP: 22/22
 14758 | Volcano  | Identified the dragon-blood talisman "Merihah" {rF+ rCorr
                  | Slay+3 Stlth+}
 15772 | Lair:5   | Entered Level 5 of the Lair of Beasts
 15794 | Lair:4   | Reached skill level 10 in Hexes
 15863 | Lair:4   | Reached skill level 5 in Armour
 16127 | Lair:5   | Found a staircase to the Slime Pits.
 16841 | Lair:5   | Reached skill level 10 in Spellcasting
 16904 | Lair:5   | Reached XP level 14. HP: 30/68 MP: 16/29
 17983 | Lair:5   | Identified the +6 whip "Arbiter" {flame, rN+ Will+ Dex+2}
 18300 | Lair:5   | Reached skill level 5 in Dodging
 18833 | D:10     | Entered Level 10 of the Dungeon
 20986 | D:12     | Found a frozen archway.
 21180 | D:12     | Mangled by a death yak simulacrum

Illustrated notes

Levels and vault maps discovered:
D:1:      scummos_arrival_star, layout_basic, chequers_serial_rivers_micro_a,
          serial_bayou_lagoon_b
D:2:      layout_basic
D:3:      layout_rooms, corexii_shack
D:4:      layout_cave_pools, nicolae_hexahallways
D:5:      layout_basic
D:6:      layout_rooms, mainiacjoe_overflow_cross_hatched, serial_shops,
          nicolae_shop_tiny_waterfront
D:7:      layout_layer_cave, minmay_temple_entry_grid, uniq_joseph,
          uniq_jeremiah, uniq_maurice
D:8:      layout_basic, mainiacjoe_overflow_brackets, serial_corexii_hall,
          chequers_hall_statues_y, corexii_hall_statues_u,
          nicolae_shop_overcharged_wands, uniq_erica, uniq_prince_ribbit1
D:9:      layout_irregular_city, minmay_lair_entry_grove, uniq_maggie
D:10:     layout_gridville
D:11:     layout_gridville
D:12:     layout_basic, orc_0_dummy, portal_ice_cave_entry_ice_simulacra,
          zin_purify
Temple:   nicolae_temple_bog_church
Lair:1:   layout_hall_layers, lemuel_fruit_tree, grunt_megastairs_4
Lair:2:   layout_small_grid, spider_nest_entry_web_field
Lair:3:   layout_small_grid, swamp_mist
Lair:4:   layout_roguey, nicolae_volcano_entry_lava_flow
Lair:5:   minmay_lair_end_frog_pond, layout_small_grid, minmay_slime_entry_eyes,
          guppyfry_lair_drakes

Skill      XL: |  1  2  3  4  5  6  7  8  9 10 11 12 13 14 |
---------------+-------------------------------------------+-----
Short Blades   | 1 2 4 5 7 10 | 10.0
Stealth        | 4 5 6 8 9 10 | 10.0
Dodging        | 2 3 4 5 |  5.5
Ice Magic      | 1 2 3 |  3.0
Fighting       | 1 2 3 4 5 6 |  6.5
Shields        | 1 2 3 4 5 7 10 | 10.7
Spellcasting   | 3 4 5 10 | 10.0
Hexes          | 4 5 6 7 8 9 10 | 10.2
Conjurations   | 2 |  2.9
Armour         | 3 5 6 |  6.2

Action                     |  1- 3 |  4- 6 |  7- 9 | 10-12 | 13-15 || total
---------------------------+-------+-------+-------+-------+-------++-------
  Melee: Dagger            |    89 |   118 |   203 |   432 |   895 ||  1737
         Bite              |     8 |    32 |    69 |   108 |   365 ||   582
  Throw: Throwing net      |       |       |     1 |       |       ||     1
         Dart              |       |       |       |    26 |     3 ||    29
   Cast: Ensorcelled Hiber |       |     8 |    18 |   138 |   103 ||   267
         Tukima's Dance    |       |       |    16 |    33 |    10 ||    59
         Confusing Touch   |       |       |       |     5 |    13 ||    18
         Dazzling Flash    |       |       |       |     1 |    41 ||    42
 Invoke: Potion Petition   |       |       |       |     2 |       ||     2
  Evoke: Wand              |       |       |       |     3 |       ||     3
    Use: Scroll            |       |     2 |     5 |     9 |     5 ||    21
   Stab: Sleeping          |     4 |    10 |    18 |    75 |    40 ||   147
         Distracted        |     1 |       |     3 |     2 |     2 ||     8
         Held in net/web   |       |       |     1 |       |       ||     1
         Confused          |       |       |       |     1 |     5 ||     6
         Invisible         |       |       |       |       |    17 ||    17
 Armour: Robe              |    42 |    30 |       |       |       ||    72
         Leather armour    |       |    61 |   111 |   215 |   474 ||   861
         Steam dragon scal |       |       |       |    50 |     2 ||    52
  Dodge: Dodged            |    62 |    65 |   103 |   210 |   310 ||   750
  Block: Kite shield       |       |       |       |    35 |   471 ||   506

Table legend: (Time is in decaauts)
 A = Elapsed time spent in this place.
 B = Non-inter-level travel time spent in this place.
 C = Inter-level travel time spent in this place.
 D = Time resting spent in this place.
 E = Time spent auto-exploring this place.
 F = Levels seen in this place.
 G = Mean time per level.
                   A        B        C        D        E       F      G
               +--------+--------+--------+--------+--------+-----+--------+
         Total |  20676 |  19407 |   1269 |   3168 |  10397 |  19 | 1088.2 |
       Dungeon |  12592 |  11929 |    663 |   1573 |   7487 |  12 | 1049.3 |
        Temple |     52 |     33 |     19 |      0 |     32 |   1 |   52.0 |
          Lair |   6963 |   6377 |    586 |   1156 |   2789 |   5 | 1392.6 |
       Volcano |   1068 |   1068 |      0 |    438 |     89 |   1 | 1068.0 |
               +--------+--------+--------+--------+--------+-----+--------+

Top non-repeatable levels by time:
  Lair:5: 2302 daAuts
     D:9: 1843 daAuts
     D:8: 1810 daAuts
     D:7: 1617 daAuts
  Lair:4: 1466 daAuts
     D:5: 1261 daAuts
  Lair:1: 1256 daAuts
 Volcano: 1068 daAuts
    D:10: 1038 daAuts
  Lair:3: 975 daAuts
     D:2: 969 daAuts
  Lair:2: 963 daAuts
    D:11: 925 daAuts
     D:1: 814 daAuts
     D:4: 782 daAuts
